 Dungeon Crawl Stone Soup version 0.24.0-13-gcf9b319 (webtiles) character file.

Game seed: 13348188462481860928, levelgen mode: deterministic

313 Balder the Cudgeler (level 6, -1/46 HPs)
             Began as a Demonspawn Gladiator on Nov 27, 2019.
             Shot with an arrow by a centaur (4 damage)
             ... on level 4 of the Dungeon.
             The game lasted 00:16:38 (4260 turns).

Balder the Cudgeler (Demonspawn Gladiator)          Turns: 4260, Time: 00:16:39

Health: -1/46      AC:  8    Str: 16    XL:     6   Next: 19%
Magic:  6/6        EV:  8    Int:  9    God:
Gold:   122        SH:  0    Dex: 15    Spells: 5/5 levels left

rFire    + . .     SeeInvis .   a - +0 flail
rCold    . . .     Gourm    .   (no shield)
rNeg     . . .     Faith    .   l - +0 chain mail
rPois    .         Spirit   .   (helmet restricted)
rElec    .         Reflect  .   (no cloak)
rCorr    .         Harm     .   (no gloves)
MR       .....                  (no boots)
Stlth    ..........             (no amulet)
HPRegen  0.15/turn              (no ring)
MPRegen  0.10/turn              (no ring)

@: no status effects
A: claws 1, hooves 2, horns 1, fire resistance 1
a: no special abilities


You were on level 4 of the Dungeon.
You were not hungry.

You visited 1 branch of the dungeon, and saw 4 of its levels.

You collected 122 gold pieces.

Inventory:

Hand Weapons
 a - a +0 flail (weapon)
 t - a +2 quarterstaff of chaos
 u - a +0 whip of draining
Missiles
 d - 3 throwing nets (quivered)
 i - 17 poisoned darts
Armour
 c - a +0 helmet
 l - a +0 chain mail (worn)
Jewellery
 k - a +5 ring of intelligence
 o - an uncursed ring of protection from cold
Wands
 g - a wand of flame (12)
Scrolls
 j - 2 scrolls of immolation {unknown}
 m - a scroll of blinking {unknown}
 n - 2 scrolls of enchant weapon {unknown}
 q - a scroll of teleportation {unknown}
 r - 2 scrolls of identify
 s - 3 scrolls of remove curse {unknown}
 x - a scroll of noise {unknown}
 y - a scroll of magic mapping {unknown}
 z - a scroll of fog {unknown}
Potions
 b - a potion of mutation {unknown}
 e - 2 potions of degeneration {unknown}
 h - 3 potions of curing {unknown}
 p - a potion of brilliance {unknown}
 v - a potion of haste {unknown}
Comestibles
 f - 10 rations
 w - a chunk of flesh


   Skills:
 * Level 2.6 Fighting
 * Level 4.4 Maces & Flails
 + Level 1.8 Throwing
 * Level 2.6 Armour
 * Level 3.4 Dodging
 * Level 1.8 Stealth


You had 5 spell levels left.
You didn't know any spells.
Your spell library was empty.

Dungeon Overview and Level Annotations

Branches:
Dungeon (4/15)
 Temple: D:4-7

Altars:
Cheibriados
Dithmenos
Elyvilon
Kikubaaqudgha
Sif Muna
Vehumet
Xom


Innate Abilities, Weirdness & Mutations

You have sharp fingernails.
You have hoof-like feet.
You have a pair of small horns on your head.
Your flesh is heat resistant. (rF+)


Message History

h - 3 golden potions (gained 1)
Found a cyan potion.
Found a pink potion.
A centaur comes into view.
The centaur shouts!
You hear a shout!
The centaur wields a +0 shortbow.
The centaur shoots an arrow.
The arrow hits you.
You see here an arrow. 2 orcs and 2 orc wizards come into view.
The orc wizard shouts!
The orc shouts! x2
The centaur shoots an arrow.
The arrow hits you!
* * * LOW HITPOINT WARNING * * *
The centaur shoots an arrow.
The arrow hits you!
* * * LOW HITPOINT WARNING * * *
You see here 2 arrows.
A worker ant and an orc come into view.
The worker ant twitches its antennae in your direction.
The orc shouts!
The centaur shoots an arrow.
The arrow hits you.
You die...

#....... #......#
##########......#
...o.#......<...#
...o............#######
..c...................#
.a.o..................##
.o.o...@((..............
................รท.....##
.............##...#####
............###....#
...!.#.....## #..#.(#
######..#### ##.##.# ##!#
#.# ..## #.. ###.# #..#
#...# #.#


You could see a centaur, a worker ant, 2 orc wizards and 3 orcs.

Vanquished Creatures
  A phantom (D:4)
  An orc priest (D:3)
  Crazy Yiuf (D:2)
  An orc wizard (D:3)
  Robin (D:2)
  4 adders
  2 dart slugs
  3 worms
  2 leopard geckos
  4 orcs (D:3)
  5 giant cockroaches
  13 goblins
  8 hobgoblins
  2 jackals (D:4)
  11 kobolds
  A quokka (D:3)
  7 bats
  4 frilled lizards
  A leopard gecko skeleton (D:4)
  4 rats
76 creatures vanquished.

Notes
Turn   | Place    | Note
-------+----------+-------------------------------------------
     0 | D:1      | Balder the Demonspawn Gladiator began the quest for the
                  | Orb.
     0 | D:1      | Reached XP level 1. HP: 16/16 MP: 1/1
   500 | D:1      | Gained mutation: Your flesh is heat resistant. (rF+)
                  | [demonic ancestry]
   500 | D:1      | Reached XP level 2. HP: 14/22 MP: 2/2
  1142 | D:1      | Reached skill level 3 in Maces & Flails
  1338 | D:2      | Noticed Robin
  1357 | D:2      | Killed Robin
  1357 | D:2      | Gained mutation: You have large cloven feet. [demonic
                  | ancestry]
  1357 | D:2      | Reached XP level 3. HP: 3/27 MP: 3/3
  1366 | D:2      | HP: 1/27 [goblin/+0 dagger[Robin] (2)]
  1722 | D:2      | Reached skill level 1 in Armour
  1722 | D:2      | Reached skill level 1 in Stealth
  1932 | D:2      | Found a runed translucent door.
  1933 | D:2      | Noticed Crazy Yiuf
  1975 | D:2      | Found a shimmering blue altar of Sif Muna.
  2058 | D:2      | Gained mutation: You have hoof-like feet. [demonic
                  | ancestry]
  2058 | D:2      | Reached XP level 4. HP: 20/33 MP: 4/4
  2333 | D:2      | Found a snail-covered altar of Cheibriados.
  2458 | D:2      | Killed Crazy Yiuf
  2919 | D:3      | Found a shimmering altar of Xom.
  2922 | D:3      | Found an ancient bone altar of Kikubaaqudgha.
  2923 | D:3      | Found a white marble altar of Elyvilon.
  2979 | D:3      | Found a shadowy altar of Dithmenos.
  3093 | D:3      | Gained mutation: You have sharp fingernails. [demonic
                  | ancestry]
  3093 | D:3      | Reached XP level 5. HP: 38/39 MP: 5/5
  3113 | D:3      | Reached skill level 4 in Maces & Flails
  3882 | D:4      | Found a radiant altar of Vehumet.
  4070 | D:4      | Noticed a phantom
  4162 | D:4      | Killed a phantom
  4162 | D:4      | Gained mutation: You have a pair of small horns on your
                  | head. [demonic ancestry]
  4162 | D:4      | Reached XP level 6. HP: 6/46 MP: 6/6
  4260 | D:4      | Shot with an arrow by a centaur

Levels and vault maps discovered:
D:1:      saegor_arrival_simple_b, layout_loops_corners
D:2:      layout_basic, lemuel_blue_sif_altar, marbit_many_paths,
          uniq_crazy_yiuf_cottage, uniq_robin
D:3:      layout_basic, nicolae_dithmenos_through_a_glass_darkly,
          gammafunk_temple_overflow_forgotten, chequers_serial_rivers_marsh
D:4:      layout_rooms, fiery_altar_vehumet

Skill      XL: |  1  2  3  4  5 |
---------------+----------------+-----
Dodging        | 3 |  3.4
Maces & Flails | 3 4 |  4.4
Armour         | 1 2 |  2.6
Stealth        | 1 |  1.8
Fighting       | |  2.6
Throwing       | |  1.8

Action                   |  1- 3 |  4- 6 || total
-------------------------+-------+-------++-------
Melee: Flail             |   121 |   110 ||   231
       Kick              |    16 |    38 ||    54
       Whip              |       |    24 ||    24
Throw: Throwing net      |       |     1 ||     1
  Use: Scroll            |     2 |     1 ||     3
  Eat: Chunk             |     4 |     4 ||     8
       Ration            |       |     1 ||     1
Armor: Leather armour    |    14 |       ||    14
       Chain mail        |    67 |    68 ||   135
Dodge: Dodged            |    72 |    42 ||   114
